 Dungeon Crawl Stone Soup version 0.31-a0-473-g61b50ae490 (webtiles) character file.

Game seed: 13100223125685903089

2285 RepHenryClay the Destroyer (level 9, 0/45 HPs)
             Began as a Deep Elf Conjurer on Aug 7, 2023.
             Slain by a human
             ... wielding a +0 war axe
              (7 damage)
             ... in a bailey.
             The game lasted 00:12:37 (6623 turns).

RepHenryClay the Destroyer (Deep Elf Conjurer)      Turns: 6623, Time: 00:12:38

Health: 0/45       AC:  6    Str:  6 (7)  XL:     9   Next: 17%
Magic:  1/18       EV: 18    Int: 27 (30) God:
Gold:   148        SH:  8    Dex: 11 (14) Spells: 4/18 levels left

rFire   + . .        E - +8 rapier of Strategic Superiority {heavy, Will+ Str+3}
rCold   + . .        B - +4 buckler of the Abyss {rPois rN+ Regen+ Dex-3}
rNeg    + . .        a - +0 robe
rPois   +            q - +1 helmet
rElec   .            (no cloak)
rCorr   +            d - +0 pair of gloves
SInv    .            z - +0 pair of boots of Reason {rC+ rCorr}
Will    +....        (no amulet)
Stlth   ++           M - ring "Qakycedd" {rF+ EV+5}
HPRegen 1.07/turn    C - +6 ring of intelligence
MPRegen 0.16/turn

%: no passive effects
@: about to teleport, studying Shields
A: no striking features
a: no special abilities


You were in a bailey.
You visited 1 branch of the dungeon, and saw 7 of its levels.
You also visited: Ossuary and Bailey.

You collected 338 gold pieces.
You spent 190 gold pieces at shops.

Inventory:

Hand Weapons
 e - a +2 dagger of draining
 g - a +6 dagger
 x - a +0 dagger of distortion
 E - the +8 rapier of Strategic Superiority (weapon) {heavy, Will+ Str+3}
   (You found it on level 4 of the Dungeon)

   Str:       It affects your strength (+3).
   Will:      It increases your willpower.
Missiles
 p - a throwing net
Armour
 a - a +0 robe (worn)
 d - a +0 pair of gloves (worn)
 q - a +1 helmet (worn)
 z - the +0 pair of boots of Reason (worn) {rC+ rCorr}
   (You acquired it on level 4 of the Dungeon)

   rC:        It protects you from cold.
   rCorr:     It protects you from acid and corrosion.
 B - the +4 buckler of the Abyss (worn) {rPois rN+ Regen+ Dex-3}
   (You acquired it on level 4 of the Dungeon)

   Dex:       It affects your dexterity (-3).
   rPois:     It protects you from poison.
   rN:        It protects you from negative energy.
   Regen:     It increases your rate of health regeneration.
Jewellery
 i - a ring of magical power
 A - a ring of see invisible
 C - a +6 ring of intelligence (right hand)
 I - a +6 ring of dexterity
 J - a +6 ring of strength
 M - the ring "Qakycedd" (left hand) {rF+ EV+5}
   (You acquired it on level 4 of the Dungeon)

   [ring of evasion]

   EV:        It affects your evasion (+5).
   rF:        It protects you from fire.
Wands
 H - a wand of polymorph (3)
Scrolls
 f - 3 scrolls of poison
 j - a scroll of vulnerability
 k - 2 scrolls of amnesia
 n - 3 scrolls of teleportation
 o - a scroll of brand weapon
 t - a scroll of immolation
 y - 3 scrolls of enchant weapon
Potions
 b - a potion of magic
 c - a potion of haste
 h - 3 potions of invisibility
 l - a potion of ambrosia {unknown}
 m - 5 potions of curing
 r - a potion of might {unknown}
 s - a potion of degeneration
 u - 4 potions of enlightenment
 v - 3 potions of cancellation
 w - 2 potions of brilliance {unknown}
 D - 2 potions of attraction
 F - a potion of heal wounds
 G - a potion of mutation {unknown}
 K - a potion of berserk rage {unknown}
 L - 2 potions of lignification


   Skills:
 - Level 6.7 Dodging
 - Level 2.4 Stealth
 - Level 3.6 Shields
 - Level 5.0 Spellcasting
 - Level 9.2 Conjurations
 - Level 5.0 Translocations
 + Level 5.3 Poison Magic


You had 4 spell levels left.
You knew the following spells:

 Your Spells              Type           Power      Damage    Failure   Level
a - Magic Dart            Conj           100%       1d8       1%          1
b - Searing Ray           Conj           100%       2d8       1%          2
c - Stone Arrow           Conj/Erth      62%        3d10      5%          3
d - Iskenderun's Mystic   Conj/Tloc      45%        2d10      6%          4
e - Olgreb's Toxic Radia  Pois           35%        N/A       13%         4

Your spell library contained the following spells:

 Spells                   Type           Power      Damage    Failure   Level
 Apportation              Tloc           66%        N/A       1%          1
 Sting                    Tmut/Pois      84%        1d7       3%          1
 Dazzling Flash           Conj/Hex       62%        N/A       5%          3
 Hailstorm                Conj/Ice       31%        3d8       5%          3
 Poisonous Vapours        Pois/Air       42%        N/A       6%          2
 Necrotise                Necr           24%        1d5       12%         1
 Sandblast                Erth           12%        2d6       12%         1
 Summon Small Mammal      Summ           24%        N/A       12%         1
 Ensorcelled Hibernation  Hex/Ice        12%        N/A       17%         2
 Passwall                 Tmut/Erth      5%         N/A       17%         2
 Fulminant Prism          Conj/Hex       15%        3d10      17%         4
 Anguish                  Hex/Necr       3%         N/A       75%         4
 Summon Ice Beast         Ice/Summ       6%         N/A       75%         4
 Simulacrum               Ice/Necr       3%         N/A       100%        6


Dungeon Overview and Level Annotations

Branches:
Dungeon (7/15)            Ossuary (visited)          Bailey (1/1)
 Temple: D:4-7

Altars:
Xom

Shops:
D:4 !(


Message History

You puncture the human!
You kill the human!
You block the human's attack. You block the orc warrior's attack.
The human closely misses you. The orc warrior barely misses you.
The orc warrior hits you with a +0 hand axe!
Your Poison Magic skill increases to level 5!
Huge Dmg: -24%(-11hp) hp: 54%(24hp)
Okay, then.
It was a potion of degeneration.
There was something very wrong with that liquid.
You feel weakened.
You feel dopey.
You feel clumsy. The human misses you. You block the orc warrior's attack. x2
It was a potion of heal wounds.
You feel much better.
You flicker back into view.
The human barely misses you. The human completely misses you.
The orc warrior hits you with a +0 hand axe!
The human misses you. The orc warrior closely misses you.
Okay, then.
As you read the scroll of teleportation, it crumbles to dust.
You feel strangely unstable. The human hits you with a +0 war axe!
The human hits you with a +2 heavy hand axe!
You block the human's attack. The human barely misses you.
The orc warrior closely misses you. You block the orc warrior's attack.
Huge Dmg: -38%(-17hp) hp: 45%(20hp)
Casting: Iskenderun's Mystic Blast (dangerous; 6% risk of failure)
Confirm with . or Enter, or press ? or * to list all spells.
Okay, then.
The orc warrior attacks as you move away!
The orc warrior barely misses you. You block the human's attack. x2
You hit the human.
The human is heavily wounded.
The human hits you with a +0 heavy hand axe!
* * * LOW HITPOINT WARNING * * *
The human hits you with a +0 war axe.
* * * LOW HITPOINT WARNING * * *
The human misses you. The human hits you with a +0 war axe.
* * * LOW HITPOINT WARNING * * *
The human closely misses you. You block the human's attack.
The human hits you with a +0 war axe!
You die...

### ....
#####
...##...##
...'..∩..#
#####)..pp#
#~~))..op@#
#~~~~##.op##
.'~~~ #####
.#~~ ##


You could see 4 humans and 2 orc warriors.

Vanquished Creatures
  Sigmund (D:5)
  3 humans (Bailey)
  A sky beast (D:6)
  A black bear (D:5)
  An ogre (D:4)
  A centaur (D:7)
  3 phantoms
  A kobold brigand (D:6)
  3 bullfrogs (Bailey)
  2 scorpions
  4 hounds
  2 orc priests
  10 iguanas
  Terence (D:3)
  An orc wizard (D:5)
  2 hound zombies (Ossuary)
  4 mummies (Ossuary)
  6 adders
  A white imp (D:6)
  2 ufetubi
  A worm (D:3)
  A dart slug (D:5)
  27 orcs
  4 bats
  7 endoplasms
  3 giant cockroaches
  A gnoll zombie (Ossuary)
  11 goblins
  5 hobgoblins
  7 kobolds
  3 quokkas
  5 ball pythons
  2 frilled lizards (D:3)
  3 hobgoblin zombies (Ossuary)
  A jackal zombie (Ossuary)
  A kobold zombie (Ossuary)
  3 orc zombies (Ossuary)
  2 quokka zombies (D:4)
  7 rats
  A rat zombie (Ossuary)
145 creatures vanquished.

Notes
Turn   | Place    | Note
-------+----------+-------------------------------------------
     0 | D:1      | RepHenryClay the Deep Elf Conjurer began the quest for the
                  | Orb.
     0 | D:1      | Reached XP level 1. HP: 10/10 MP: 6/6
   353 | D:1      | Reached XP level 2. HP: 15/15 MP: 6/8
   508 | D:1      | Reached skill level 5 in Conjurations
   653 | D:1      | Learned a level 2 spell: Searing Ray
   965 | D:1      | Found a faded altar of an unknown god.
  1312 | D:2      | Reached XP level 3. HP: 16/19 MP: 9/9
  1592 | D:2      | You fall into a shaft and drop 2 floors!
  1661 | D:4      | Found a sand-covered staircase.
  1668 | Ossuary  | Entered an ossuary
  1673 | Ossuary  | Learned a level 3 spell: Stone Arrow
  1690 | Ossuary  | Reached skill level 6 in Conjurations
  1698 | Ossuary  | Reached XP level 4. HP: 19/24 MP: 6/10
  2156 | D:3      | Reached skill level 7 in Conjurations
  2156 | D:3      | Reached XP level 5. HP: 23/28 MP: 11/11
  2853 | D:3      | Learned a level 4 spell: Iskenderun's Mystic Blast
  2924 | D:3      | Noticed Terence
  2926 | D:3      | Killed Terence
  2927 | D:3      | Reached skill level 1 in Translocations
  3089 | D:4      | Identified the +0 robe of Failure {rN+ Str+4 Slay-3}
  3242 | D:4      | Found Viatu's Antique Weapon Emporium.
  3397 | D:4      | Reached XP level 6. HP: 32/32 MP: 12/12
  3439 | D:4      | Found Luof's Distillery.
  3575 | D:4      | Found a shimmering altar of Xom.
  3582 | D:4      | Identified the +8 rapier of Strategic Superiority {heavy,
                  | Will+ Str+3}
  3594 | D:4      | Reached skill level 8 in Conjurations
  4067 | D:5      | Entered Level 5 of the Dungeon
  4192 | D:5      | Noticed Sigmund
  4212 | D:5      | Killed Sigmund
  4213 | D:5      | Reached XP level 7. HP: 36/36 MP: 13/13
  4395 | D:5      | Reached skill level 5 in Translocations
  4396 | D:5      | Reached skill level 9 in Conjurations
  4964 | D:5      | Reached XP level 8. HP: 32/41 MP: 10/16
  5270 | D:6      | Reached skill level 5 in Spellcasting
  5560 | D:6      | Reached skill level 5 in Dodging
  6037 | D:6      | Found Xeadamna's Overcharged Wands.
  6188 | D:6      | Identified the +0 buckler of Liberty {rCorr Dex+3 Slay+2
                  | SInv}
  6311 | D:4      | Bought a potion of enlightenment for 50 gold pieces
  6311 | D:4      | Bought a potion of attraction for 30 gold pieces
  6311 | D:4      | Bought a potion of lignification for 30 gold pieces
  6311 | D:4      | Bought a potion of cancellation for 80 gold pieces
  6329 | D:4      | Identified 3 scrolls of acquirement
  6331 | D:4      | Acquired the +0 pair of boots of Reason {rC+ rCorr}
  6339 | D:4      | Acquired the ring "Qakycedd" {rF+ EV+5}
  6341 | D:4      | Acquired the +4 buckler of the Abyss {rPois rN+ Regen+
                  | Dex-3}
  6445 | D:7      | Reached skill level 1 in Shields
  6554 | D:7      | Found a flagged portal.
  6568 | D:7      | Learned a level 4 spell: Olgreb's Toxic Radiance
  6590 | Bailey   | Entered a bailey
  6599 | Bailey   | Reached skill level 1 in Poison Magic
  6606 | Bailey   | Reached XP level 9. HP: 22/45 MP: 5/18
  6619 | Bailey   | Reached skill level 5 in Poison Magic
  6623 | Bailey   | Slain by a human

Illustrated notes

Levels and vault maps discovered:
D:1:      amcnicky_arrival_choice, layout_basic,
          ebering_ecumenical_altar_petrified, minmay_misc_feat_tower,
          chequers_serial_rivers_micro_b
D:2:      layout_basic
D:3:      layout_loops_cross, kennysheep_cluttered_room, uniq_terence
D:4:      layout_loops_corners, mainiacjoe_overflow_cross_hatched,
          enter_ossuary_4, serial_shops, shop_fountains, nicolae_shop_stone
D:5:      layout_basic, minmay_manual_moon, uniq_sigmund
D:6:      layout_gridville, nicolae_shop_overcharged_wands
D:7:      minmay_chambers_of_fours, layout_basic, mainiacjoe_overflow_alcove_2,
          makhleb_grotto_becter, grunt_gozag_breadcrumbs,
          minmay_temple_entry_fiery, enter_bailey_5, corexii_leaking_fountain,
          uniq_maggie, uniq_joseph
Bailey:   bailey_axe_froggy_fort_hellmonk, bailey

Skill      XL: |  1  2  3  4  5  6  7  8  9 |
---------------+----------------------------+-----
Conjurations   | 5 6 7 8 9 |  9.2
Translocations | 2 4 5 |  5.0
Dodging        | 3 6 |  6.7
Spellcasting   | 4 5 |  5.0
Shields        | 3 |  3.6
Poison Magic   | 3 5 |  5.3
Stealth        | |  2.4

Action                     |  1- 3 |  4- 6 |  7- 9 || total
---------------------------+-------+-------+-------++-------
  Melee: Dagger            |    27 |    38 |       ||    65
         Rapier            |       |     6 |    56 ||    62
   Cast: Magic Dart        |    47 |    51 |    64 ||   162
         Searing Ray       |     3 |     8 |    12 ||    23
         Stone Arrow       |       |     3 |     5 ||     8
         Iskenderun's Myst |       |       |    10 ||    10
    Use: Scroll            |     8 |       |    11 ||    19
         Potion            |       |       |     3 ||     3
   Stab: Sleeping          |       |     4 |       ||     4
         Invisible         |       |       |     1 ||     1
 Armour: Robe              |    19 |    17 |    23 ||    59
  Dodge: Dodged            |    31 |    34 |    82 ||   147
  Block: Buckler           |       |       |    34 ||    34

Table legend: (Time is in decaauts)
 A = Elapsed time spent in this place.
 B = Non-inter-level travel time spent in this place.
 C = Inter-level travel time spent in this place.
 D = Time resting spent in this place.
 E = Time spent auto-exploring this place.
 F = Levels seen in this place.
 G = Mean time per level.
                   A        B        C        D        E       F      G
               +--------+--------+--------+--------+--------+-----+--------+
         Total |   6673 |   6481 |    192 |    226 |   5223 |   9 |  741.4 |
       Dungeon |   6235 |   6043 |    192 |    117 |   5024 |   7 |  890.7 |
       Ossuary |    393 |    393 |      0 |    109 |    197 |   1 |  393.0 |
        Bailey |     44 |     44 |      0 |      0 |      2 |   1 |   44.0 |
               +--------+--------+--------+--------+--------+-----+--------+

Top non-repeatable levels by time:
     D:5: 1314 daAuts
     D:4: 1154 daAuts
     D:1: 1105 daAuts
     D:6: 962 daAuts
     D:3: 823 daAuts
     D:2: 647 daAuts
 Ossuary: 393 daAuts
     D:7: 227 daAuts
  Bailey: 44 daAuts
